 Dungeon Crawl Stone Soup version 0.28-a0-1130-gc51a68064b (webtiles) character file.

Game seed: 4032008947379036981

72 mcbry74 the Digger (level 4, 0/24 HPs)
             Began as a Deep Elf Earth Elementalist on Dec 12, 2021.
             Succumbed to an orc's poison
             ... on level 3 of the Dungeon.
             The game lasted 00:08:56 (2303 turns).

mcbry74 the Digger (Deep Elf Earth Elementalist)    Turns: 2303, Time: 00:08:57

Health: 0/24       AC:  5    Str:  5    XL:     4   Next: 7%
Magic:  7/10       EV: 12    Int: 22    God:
Gold:   84         SH:  0    Dex: 15    Spells: 3/9 levels left

rFire   . . .      SeeInvis .   b - +0 hunting sling
rCold   . . .      Faith    .   (no shield)
rNeg    . . .      Spirit   .   e - +0 robe
rPois   .          Reflect  .   (no helmet)
rElec   .          Harm     .   (no cloak)
rCorr   .          Rampage  .   (no gloves)
Will    .....                   k - +2 pair of boots
Stlth   ++........              (no amulet)
HPRegen 0.08/turn               (no ring)
MPRegen 0.12/turn               (no ring)

@: lethally poisoned (0 -> -6)
A: no striking features
a: no special abilities


You were on level 3 of the Dungeon.
You visited 1 branch of the dungeon, and saw 3 of its levels.

You collected 84 gold pieces.

Inventory:

Hand Weapons
 a - a +2 dagger of draining
 b - a +0 hunting sling (weapon)
Missiles
 c - 62 stones (quivered ammo)
Armour
 e - a +0 robe (worn)
 k - a +2 pair of boots (worn)
Jewellery
 g - an amulet of guardian spirit
Scrolls
 d - a scroll of enchant weapon {unknown}
 h - 2 scrolls of identify {unknown}
 j - 2 scrolls of teleportation {unknown}
 n - a scroll of vulnerability {unknown}
 o - a scroll of blinking {unknown}
Potions
 i - a potion of haste {unknown}
 m - a potion of brilliance {unknown}
 p - a potion of degeneration {unknown}


   Skills:
 - Level 2.4 Dodging
 - Level 2.4 Stealth
 - Level 3.0 Spellcasting
 + Level 1.3 Conjurations
 - Level 1.1 Transmutations
 + Level 5.2 Earth Magic


You had 3 spell levels left.
You knew the following spells:

 Your Spells              Type           Power      Damage    Failure   Level
a - Sandblast             Erth           52%        2d12      1%          1
b - Passwall              Tmut/Erth      14%        N/A       5%          2
c - Stone Arrow           Conj/Erth      34%        3d9       10%         3

Your spell library contained the following spells:

 Spells                   Type           Power      Damage    Failure   Level
 Beastly Appendage        Tmut           16%        N/A       8%          1
 Wereblood                Tmut           8%         N/A       12%         2
 Spider Form              Tmut/Pois      5%         N/A       30%         3
 Petrify                  Tmut/Erth      17%        N/A       34%         4


Dungeon Overview and Level Annotations

Branches:
Dungeon (3/15)

Altars:

Shops:
D:3 [


Message History

c - 64 stones The orc hits you with a +0 short sword of venom.
You are poisoned.
Casting: Sandblast (safe; 1% risk of failure)
Confirm with . or Enter, or press ? or * to list all spells.
Aiming: Sandblast (safe; 1% risk of failure)
Press: ? - help, Shift-Dir - straight line, f/p - orc
Aim: an orc, wielding a +0 short sword of venom, wearing a +0 chain mail and quivering boomerangs (86% to hit)
The blast of sand hits the orc but does no damage.
c - 63 stones You feel very sick.
The orc hits you with a +0 short sword of venom.
You are lethally poisoned!
Casting: Sandblast (safe; 1% risk of failure)
Confirm with . or Enter, or press ? or * to list all spells.
Aiming: Sandblast (safe; 1% risk of failure)
Press: ? - help, Shift-Dir - straight line, f/p - orc
Aim: an orc, wielding a +0 short sword of venom, wearing a +0 chain mail and quivering boomerangs (86% to hit)
The blast of sand hits the orc but does no damage.
c - 62 stones You feel very sick.
The orc barely misses you.
You feel very sick.
There is a stone staircase leading down here.
* * * LOW HITPOINT WARNING * * *
You feel sick.
* * * LOW HITPOINT WARNING * * *
You feel sick.
The orc throws a boomerang.
The boomerang hits you.
* * * LOW HITPOINT WARNING * * *
It was a potion of magic.
Magic courses through your body.
* * * LOW HITPOINT WARNING * * *
You feel sick.
Casting: Sandblast (safe; 1% risk of failure)
Confirm with . or Enter, or press ? or * to list all spells.
The spell is quite dangerous to miscast (10% risk of failure)!
Continue anyway?
Aiming: Stone Arrow (quite dangerous; 10% risk of failure)
Press: ? - help, Shift-Dir - straight line, f/p - orc
Aim: an orc, wielding a +0 short sword of venom, wearing a +0 chain mail and quivering boomerangs (77% to hit)
The stone arrow misses the orc.
You die...

................#
............###.####
..................^$
#.....##........###
##...###.##.......# #..#
#.##.#<..#.# ##### #####
... ..##.#.>.#.# ...#
#...
#####.#..o#.#######.###.#
........@.....>.......###
###.#....................
...#.##..#######.##<.)..
..........# #.###.###
###..#...... #.# #.#
#..###....# #.# #.# #.
#.##.# #.# #.# #. #.# #.#
#.# #. #. #.# #.#


You could see an orc.

Vanquished Creatures
  3 adders
  A dart slug (D:2)
  4 orcs
  3 endoplasms
  4 giant cockroaches
  3 goblins
  4 hobgoblins
  2 jackals (D:2)
  5 ball pythons
  A bat (D:1)
  A frilled lizard (D:1)
  4 kobolds
  5 rats
40 creatures vanquished.

Notes
Turn   | Place    | Note
-------+----------+-------------------------------------------
     0 | D:1      | mcbry74 the Deep Elf Earth Elementalist began the quest for
                  | the Orb.
     0 | D:1      | Reached XP level 1. HP: 10/10 MP: 6/6
   167 | D:1      | Reached XP level 2. HP: 13/15 MP: 0/8
   268 | D:1      | Reached skill level 4 in Earth Magic
   857 | D:1      | Found a faded altar of an unknown god.
  1266 | D:2      | Reached XP level 3. HP: 19/19 MP: 7/9
  1286 | D:2      | Learned a level 2 spell: Passwall
  1290 | D:2      | Learned a level 3 spell: Stone Arrow
  1728 | D:3      | Reached skill level 5 in Earth Magic
  1771 | D:3      | Found Paeplitz's Antique Armour Boutique.
  1822 | D:3      | Reached skill level 1 in Conjurations
  1886 | D:3      | Reached XP level 4. HP: 24/24 MP: 6/10
  2302 | D:3      | HP: 1/24 [poisoned by an orc]
  2303 | D:3      | Succumbed to an orc's poison

Illustrated notes

Levels and vault maps discovered:
D:1:      dpeg_arrival_water_fire, layout_loops_ring,
          ebering_ecumenical_altar_webs, grunt_decor_fettered,
          minmay_pentomino_x4
D:2:      layout_rooms, st_stairs_4
D:3:      layout_loops_ring, amcnicky_altar_gilded, serial_shops,
          nicolae_shop_waterfront, uniq_ijyb, uniq_terence

Skill      XL: |  1  2  3 |
---------------+----------+-----
Earth Magic    | 4 5 |  5.2
Conjurations   | 1 |  1.3
Dodging        | |  2.4
Stealth        | |  2.4
Spellcasting   | |  3.0
Transmutations | |  1.1

Action                   |  1- 3 |  4- 6 || total
-------------------------+-------+-------++-------
Melee: Dagger            |    11 |       ||    11
       Hunting sling     |     1 |       ||     1
 Fire: Hunting sling     |    28 |     1 ||    29
 Cast: Sandblast         |    30 |    12 ||    42
       Stone Arrow       |       |     2 ||     2
       Passwall          |       |     1 ||     1
  Use: Potion            |       |     1 ||     1
 Stab: Sleeping          |     4 |       ||     4
Armor: Robe              |     1 |     3 ||     4
Dodge: Dodged            |     4 |     6 ||    10

Table legend: (Time is in decaauts)
 A = Elapsed time spent in this place.
 B = Non-inter-level travel time spent in this place.
 C = Inter-level travel time spent in this place.
 D = Time resting spent in this place.
 E = Time spent auto-exploring this place.
 F = Levels seen in this place.
 G = Mean time per level.
                   A        B        C        D        E       F      G
               +--------+--------+--------+--------+--------+-----+--------+
         Total |   2315 |   2249 |     66 |    451 |   1435 |   3 |  771.7 |
       Dungeon |   2315 |   2249 |     66 |    451 |   1435 |   3 |  771.7 |
               +--------+--------+--------+--------+--------+-----+--------+

Top non-repeatable levels by time:
     D:1: 1318 daAuts
     D:2: 737 daAuts
     D:3: 259 daAuts
